 Dungeon Crawl Stone Soup version 0.29.1-13-g9f3cf754e1 (webtiles) character file.

Game seed: 13222844613861008032

127 javelincjr the Gusty (level 4, -2/33 HPs)
             Began as a Draconian Air Elementalist on Jan 26, 2023.
             Slain by Grinder (5 damage)
             ... while paralysed by Grinder
             ... on level 3 of the Dungeon.
             The game lasted 00:13:47 (3585 turns).

javelincjr the Gusty (Draconian Air Elementalist)   Turns: 3585, Time: 00:13:47

Health: -2/33      AC:  7    Str: 10    XL:     4   Next: 85%
Magic:  0/8        EV:  2    Int: 17    God:
Gold:   115        SH:  0    Dex: 12    Spells: 6/9 levels left

rFire   . . .      SeeInvis .   o - +2 dagger (holy)
rCold   . . .      Faith    .   q - +0 buckler
rNeg    . . .      Spirit   +   (body armour unavailable)
rPois   .          Reflect  .   g - +2 hat {Stlth+}
rElec   .          Harm     .   (no cloak)
rCorr   .          Rampage  .   (no gloves)
Will    .....                   (no boots)
Stlth   +++.......              m - amulet of guardian spirit
HPRegen 0.11/turn               (no ring)
MPRegen 0.11/turn               (no ring)

@: paralysed
A: AC +5, unfitting armour, cold-blooded
a: no special abilities


You were on level 3 of the Dungeon.
You visited 1 branch of the dungeon, and saw 3 of its levels.

You collected 115 gold pieces.

Inventory:

Hand Weapons
 n - a +0 halberd
 o - a +2 dagger of holy wrath (weapon)
Missiles
 i - 6 poisoned darts
Armour
 g - a +2 hat of stealth (worn)
 l - a +0 helmet of see invisible
 q - a +0 buckler (worn)
Magical Staves
 b - a staff of cold
 p - a staff of earth
Jewellery
 m - an amulet of guardian spirit (around neck)
Scrolls
 d - a scroll of identify {unknown}
 f - a scroll of butterflies {unknown}
 h - 2 scrolls of fear {unknown}
 j - a scroll of vulnerability {unknown}
 k - a scroll of brand weapon {unknown}
 r - 2 scrolls of silence {unknown}
Potions
 a - a potion of magic
 c - 3 potions of curing {unknown}
 e - 2 potions of lignification {unknown}
 s - a potion of brilliance {unknown}


   Skills:
 + Level 1.0 Short Blades
 + Level 2.0 Dodging
 + Level 2.2 Stealth
 + Level 3.0 Spellcasting
 + Level 2.0 Conjurations
 + Level 3.9 Air Magic


You had 6 spell levels left.
You knew the following spells:

 Your Spells              Type           Power      Damage    Failure   Level
a - Shock                 Conj/Air       48%        1d6       7%          1
b - Static Discharge      Conj/Air       12%        3-5/arc   11%         2

Your spell library contained the following spells:

 Spells                   Type           Power      Damage    Failure   Level
 Swiftness                Air            16%        N/A       14%         3
 Sublimation of Blood     Necr           2%         N/A       34%         2
 Stone Arrow              Conj/Erth      12%        3d7       43%         3
 Airstrike                Air            8%         2d(2-18)  43%         4
 Petrify                  Tmut/Erth      2%         N/A       93%         4
 Irradiate                Conj/Tmut      3%         3d12      99%         5
 Lehudib's Crystal Spear  Conj/Erth      3%         10d2      100%        8
 Animate Armour           Summ/Erth      Unusable   N/A       N/A         4

Dungeon Overview and Level Annotations

Branches:
Dungeon (3/15)

Altars:

Annotations:
D:3 1 runed translucent door, Grinder; sigtrap's ghost, amateur FoHu


Innate Abilities, Weirdness & Mutations

Your plain brown scales are hard. (AC +5)
You cannot fit into any form of body armour.
You are cold-blooded and may be slowed by cold attacks.


Message History

Confirm with . or Enter, or press ? or * to list all spells.
Aiming: Shock (safe; 7% risk of failure)
Press: ? - help, Shift-Dir - straight line, f/p - Grinder
Aim: Grinder (64% to hit)
The zap hits Grinder.
Grinder is lightly wounded.
Casting: Shock (safe; 7% risk of failure)
Confirm with . or Enter, or press ? or * to list all spells.
Aiming: Shock (safe; 7% risk of failure)
Press: ? - help, Shift-Dir - straight line, f/p - Grinder
Aim: Grinder (lightly wounded, 64% to hit)
The zap hits Grinder.
Grinder is lightly wounded.
You hit Grinder but do no damage.
Grinder is lightly wounded.
Grinder hits you but does no damage.
You hit Grinder.
Grinder convulses.
Grinder is lightly wounded.
Grinder gestures at you.
You barely resist. You hit Grinder but do no damage.
Grinder is lightly wounded.
Grinder hits you!
You writhe in agony.
You hit Grinder but do no damage.
Grinder is lightly wounded.
Grinder hits you.
You writhe in agony.
You hit Grinder but do no damage.
Grinder is lightly wounded.
Grinder says, "DUCK!"
Grinder gestures at you.
You suddenly lose the ability to move!
Grinder hits you.
* * * LOW HITPOINT WARNING * * *
Grinder gestures at you.
You shrug off the repeated paralysis!
Grinder gestures at you. Pain shoots through your body!
* * * LOW HITPOINT WARNING * * *
Grinder hits you.
You die...

#...........)./..
#..#<
###.....#.#......
#..#)
#.........#....
#..รท.
#.....#.$.# ...
##...
#.....#......
.#######
#.....###....
#...# # #.....#
..... #...###
#....5# .....
#...... #....@#
.. ###....
######.......
#.... .....##
#.... .....#
#.... .....#
#.... .....#
#.... ######
#.... #####


You could see Grinder.

Vanquished Creatures
  A gnoll (D:3)
  4 adders
  3 worms
  A dart slug (D:3)
  8 ball pythons
  5 bats
  7 endoplasms
  7 goblins
  6 hobgoblins
  2 quokkas
  4 frilled lizards
  14 kobolds
  6 rats
68 creatures vanquished.

Notes
Turn   | Place    | Note
-------+----------+-------------------------------------------
     0 | D:1      | javelincjr the Draconian Air Elementalist began the quest
                  | for the Orb.
     0 | D:1      | Reached XP level 1. HP: 14/14 MP: 3/3
   113 | D:1      | Reached XP level 2. HP: 16/20 MP: 0/5
   117 | D:1      | Learned a level 2 spell: Static Discharge
   970 | D:1      | Reached XP level 3. HP: 26/26 MP: 2/6
  1963 | D:2      | Found a faded altar of an unknown god.
  2557 | D:2      | Reached XP level 4. HP: 33/33 MP: 1/7
  2735 | D:3      | Noticed sigtrap's ghost (amateur FoHu)
  3089 | D:3      | Found a runed translucent door.
  3353 | D:3      | Reached skill level 1 in Short Blades
  3546 | D:3      | Noticed Grinder
  3581 | D:3      | Paralysed by Grinder for 5 turns
  3585 | D:3      | Slain by Grinder

Illustrated notes

Levels and vault maps discovered:
D:1:      scummos_arrival_simple_crosswalls, layout_basic
D:2:      layout_basic, ebering_ecumenical_altar_hall, nicolae_wormholes
D:3:      layout_basic, hellmonk_ghost_happy_afterlife, minmay_between,
          uniq_grinder

Skill      XL: |  1  2  3  4 |
---------------+-------------+-----
Stealth        | 2 |  2.2
Dodging        | 2 |  2.0
Conjurations   | 2 |  2.0
Short Blades   | 1 |  1.0
Spellcasting   | 3 |  3.0
Air Magic      | |  3.9

Action                   |  1- 3 |  4- 6 || total
-------------------------+-------+-------++-------
Melee: Unarmed           |     9 |       ||     9
       Short sword       |    28 |    22 ||    50
       Tailslap          |     3 |     6 ||     9
       Punch             |     1 |     1 ||     2
       Dagger            |       |    15 ||    15
 Cast: Shock             |    96 |    35 ||   131
       Static Discharge  |     1 |     3 ||     4
 Stab: Sleeping          |     1 |       ||     1
Armor: Skin              |    21 |     6 ||    27
Dodge: Dodged            |    33 |    24 ||    57
